Unix NetHack Version 5.0.0-0 post-release - last build May  4 2026 22:22:43 (774f63e81ad911689b3a0859ea89b322d5daca8d,branch:main).

Game began 2026-05-07 02:50:19, ended 2026-05-07 03:08:54.

DeathOnAStick, neutral male human Tourist

     #
    ------                      #                                #
    |    |        --------------.-                             --+---------
    |    |        |...........i..|      -----     -----       #-..........|
    |    |        |..............|      |...|     |...|       #|.........<|
    |    |        |..............|      |....#####....|       #|..........|
    |    .########-+------@-------     #....|### #|...|       #|..........|
    |    |       ########B##############|^%.|#   #|...|  ######+..........|
    ----.-            ###)#            #|....#   #---.- ##    #------------
        #                 #            #-----    ########     #
        ##              #######        #               #      #
         #             ##     ##       #               #      #
         #            ##       #       #               #      #
         #            #        #       ###             ###    #
         #         ####        ######    #          -----.--###
     ----.--     --.---       ------.----#          |....`.|#
     |     |     |>   |       |         |#          |{.....|#
     |     |#####+    |       |         |#          |......-#
     |     .#    |    |       |         -#          |......|
     -------     ------       ----+------           --------
                                  #
DeathOnAStick the Sightseer  St:13 Dx:8 Co:16 In:13 Wi:7 Ch:18  Neutral S:637
Dlvl:3  $:536 HP:0(26) Pw:12(12) AC:10 Xp:3/68 T:1290 

Latest messages:
 Fido drops a gold piece.
 You see here 2 gold pieces.
 Fido picks up a gold piece.
 $ - 2 gold pieces (528 in total).
 Fido drops a gold piece.
 You see here a gold piece.
 $ - a gold piece (529 in total).
 The door resists!
 The door resists!
 The door resists!
 The door opens.
 The door resists!
 The door resists!
 The door opens.
 You see here 3 gold pieces.
 $ - 3 gold pieces (532 in total).
 You swap places with Fido.
 You see here 4 gold pieces.
 $ - 4 gold pieces (536 in total).
 You see here a food ration.
 You learn more about your items by comparing them.
 c - an uncursed food ration (5 in total).
 A bear trap closes on your foot!
 S - a violet gem.
 You are caught in a bear trap.
 You are caught in a bear trap.
 You are caught in a bear trap.
 You are caught in a bear trap.
 You are caught in a bear trap.
 You are caught in a bear trap.
 You finally wriggle free.
 A gush of water hits you on the head!
 Your leg feels better.
 You swap places with Fido.
 The giant bat bites!
 You hit the giant bat.
 The giant bat bites!
 The giant bat bites!
 The giant bat bites!
 In what direction? b
 The dart misses the giant bat.
 The giant bat bites!
 The giant bat bites!
 The giant bat bites!
 You die...
 Do you want your possessions identified? [ynq] (y) y
 Do you want to see your attributes? [ynq] (y) y
 Do you want an account of creatures vanquished? [ynaq] (y) y
 Do you want to see your conduct and achievements? [ynq] (y) y
 Do you want to see the dungeon overview? [ynq] (y) y

Inventory:
 Coins    ('$')
  $ - 536 gold pieces
 Weapons  (')')
  b - 34 +2 darts (at the ready)
  a - a +0 dagger (weapon in right hand)
  q - a +0 orcish dagger
 Armor    ('[')
  o - an uncursed +0 orcish cloak
  l - an uncursed +0 Hawaiian shirt with a parrot motif
 Comestibles  ('%')
  e - an uncursed clove of garlic
  f - an uncursed eucalyptus leaf
  c - 5 uncursed food rations
  d - 3 uncursed tripe rations
  g - 2 uncursed eggs
  R - an uncursed lichen corpse
 Scrolls  ('?')
  C - an uncursed scroll of destroy armor
  P - an uncursed scroll of earth
  I - an uncursed scroll of enchant weapon
  n - an uncursed scroll of food detection
  B - 2 uncursed scrolls of identify
  G - an uncursed scroll of light
  k - 3 uncursed scrolls of magic mapping
  E - 3 uncursed scrolls of remove curse
  L - an uncursed scroll of taming
 Potions  ('!')
  j - a blessed potion of extra healing
  i - an uncursed potion of extra healing
 Tools    ('(')
  m - an uncursed credit card
  x - an expensive camera (1:83)
  v - an uncursed magic whistle
 Gems/Stones  ('*')
  S - a cursed worthless piece of violet glass

DeathOnAStick the Tourist's attributes:

Background:
 You were a Sightseer, a level 3 male human Tourist.
 You were neutral, nominally on a mission for The Lady
 who was opposed by Blind Io (lawful) and Offler (chaotic).
 You were right-handed.
 You were in the Dungeons of Doom, on level 3.
 You entered the dungeon 1290 turns ago.
 It was nighttime.
 You had 68 experience points, 12 more were needed to attain level 4.
 Your score was 637 before end-of-game adjustments.

Basics:
 You had 0 out of 26 hit points.
 You had all 12 energy points (spell power).
 Your armor class was 10.
 Your wallet contained 536 zorkmids.
 Autopickup was off.

Final Characteristics:
 Your strength was 13 (limit:18/100).
 Your dexterity was 8 (limit:18).
 Your constitution was 16 (limit:18).
 Your intelligence was 13 (limit:18).
 Your wisdom was 7 (limit:18).
 Your charisma was 18 (limit:18).

Final Status:
 You weren't hungry.
 You were unencumbered.
 You were wielding a dagger.
 You were unskilled in dagger.
 You weren't wearing any armor.

Final Attributes:
 You were stridently aligned.
 You are dead.

Miscellaneous:
 You didn't encounter any bones levels.
 Total elapsed playing time was 16 minutes and 11 seconds.

Major events:
 Turn
    1: DeathOnAStick the neutral male human Tourist entered the dungeon
  385: read a Discworld novel
  385: attained the rank of Sightseer (level 3)
 1102: entered the Gnomish Mines
 1290: killed by a giant bat

You didn't know any spells.

Skills:
 Fighting Skills
   bare handed combat [Unskilled]
   two weapon combat  [Unskilled]
   riding             [Unskilled]
 Weapon Skills
   dagger             [Unskilled]
   knife              [Unskilled]
   axe                [Unskilled]
   pick-axe           [Unskilled]
   short sword        [Unskilled]
   broadsword         [Unskilled]
   long sword         [Unskilled]
   two-handed sword   [Unskilled]
   saber              [Unskilled]
   mace               [Unskilled]
   morning star       [Unskilled]
   flail              [Unskilled]
   hammer             [Unskilled]
   quarterstaff       [Unskilled]
   polearms           [Unskilled]
   spear              [Unskilled]
   trident            [Unskilled]
   lance              [Unskilled]
   bow                [Unskilled]
   sling              [Unskilled]
   crossbow           [Unskilled]
   dart               [Basic]
   shuriken           [Unskilled]
   boomerang          [Unskilled]
   whip               [Unskilled]
   unicorn horn       [Unskilled]
 Spellcasting Skills
   divination spells  [Unskilled]
   enchantment spells [Unskilled]
   escape spells      [Unskilled]

Voluntary challenges:
 Character rerolling was not enabled.
 You were an atheist.
 You never genocided any monsters.
 You never polymorphed an object.
 You never changed form.
 You used no wishes.
Achievements:
 You entered a shop.
 You read from a Discworld novel.
 You attained the rank of Sightseer.
 You entered the Gnomish Mines.

 The Dungeons of Doom: levels 1 to 3
    Level 1:
       An altar.
    Level 2:
       A scroll shop.
       Stairs down to The Gnomish Mines.
    Level 3: <- You were here.
       A fountain.
       Final resting place for
          you, killed by a giant bat.
 The Gnomish Mines:
    Level 3:


Vanquished creatures:
  a yellow mold
  a gnome zombie
  3 jackals
  4 foxes
  a goblin
  6 grid bugs
  2 lichens
  4 newts
22 creatures vanquished.

No species were genocided or became extinct.

Game over:
                       ----------
                      /          \
                     /    REST    \
                    /      IN      \
                   /     PEACE      \
                  /                  \
                  |  DeathOnAStick   |
                  |      536 Au      |
                  |   killed by a    |
                  |    giant bat     |
                  |                  |
                  |                  |
                  |       2026       |
                 *|     *  *  *      | *
        _________)/\\_//(\/(/\)/\//\/|_)_______

Aloha DeathOnAStick the Tourist...

You died in The Dungeons of Doom on dungeon level 3 with 615 points,
and 536 pieces of gold, after 1290 moves.
You were level 3 with a maximum of 26 hit points when you died.

